 Dungeon Crawl Stone Soup version 0.32-a0-30-gefbe487952 (webtiles) character file.

Game seed: 6725312359174883337

2293939 mdonais the Sensei (level 27, 197/197 HPs)
             Began as an Octopode Brigand on Jan 19, 2024.
             Was the Champion of Hepliaklqana.
             Escaped with the Orb
             ... and 4 runes on Jan 20, 2024!
             The game lasted 06:11:11 (77375 turns).

mdonais the Sensei (Octopode Brigand)              Turns: 77375, Time: 06:11:12

Health: 197/197    AC: 26    Str: 21    XL:     27
Magic:  33/33      EV: 55    Int: 15    God:    Hepliaklqana [******]
Gold:   3297       SH:  7    Dex: 23    Spells: 20/26 levels left

rFire   + .          .
                       - Unarmed
rCold   + + .        c - melded +5 kite shield of Knowledge {rPois rN+ Regen+ Str+3}
rNeg    . . .        E - melded +2 hat
rPois   ∞            X - amulet of Daffodils {Reflect +Inv rC+ Slay+5 SH+5}
rElec   +            k - ring of Shadows {Umbra +Inv Stlth+}
rCorr   +            f - +4 ring of protection
SInv    +            M - ring "Ziofomp" {^Contam rF+ rC+ SInv}
Will    +++..        r - ring "Qiol" {rPois rCorr MP+9 Str+3 Int-4}
Stlth   +++++        P - ring of Wishful Thinking {^Contam Fly AC+4 Int+3}
HPRegen 0.52/turn    m - ring of the Octopus King {HP+2 AC+2 EV+2 SH+2 SInv}
MPRegen 0.23/turn    y - ring "Eklomayl" {AC+4 Dex+3}
                     o - ring of Xoept {Will+ Str+3}

%: reflection
@: storm-form, flying, wreathed by umbra, studying 2 skills
A: cleaving, insubstantial, flying, reduced essence, almost no armour,
amphibious, 8 rings, (camouflage 1), (gelatinous body 1), (nimble swimmer 1),
(tentacles), low MP 1, noise suppression
0: Orb of Zot
}: 4/15 runes: decaying, slimy, silver, gossamer
a: Blinkbolt, Begin Untransformation, Renounce Religion, Evoke Invisibility,
Recall Ancestor, Ancestor Identity, Transference, Idealise


You escaped.
You worshipped Hepliaklqana.
Hepliaklqana was exalted by your worship.
You were a lightning-filled tempest!
You visited 12 branches of the dungeon, and saw 56 of its levels.
You visited 2 bazaars.
You visited 1 ziggurat, and saw 17 of its levels.
You also visited: Trove, Volcano and Desolation.

You collected 9786 gold pieces.
You spent 6489 gold pieces at shops.

Inventory:

Missiles
 F - 10 curare-tipped darts (quivered)
 Z - a throwing net {=!f}
Armour
 c - the +5 kite shield of Knowledge (melded) {rPois rN+ Regen+ Str+3}
   (You acquired it on level 4 of a ziggurat)

   Str+3:     It affects your strength (+3).
   rPois:     It protects you from poison rN+: It protects you from negative
   energy.
   Regen+:    It increases your rate of health regeneration.
 E - a +2 hat (melded)
   (You found it on level 2 of the Swamp)
Jewellery
 a - a +6 ring of dexterity
   (You took it off an orc priest on level 1 of the Elven Halls)
 b - the ring of Domilupy {rPois rF+ Int+2 Stlth+}
   (You found it on level 3 of the Crypt)

   [ring of protection from fire]

   Int+2:     It affects your intelligence (+2).
   rF+:       It protects you from fire.
   rPois:     It protects you from poison Stlth+: It makes you more stealthy.
 f - a +4 ring of protection (right tentacle)
   (You found it on level 14 of a ziggurat)
 g - the ring "Pifa Nou" {Wiz rF+ rC- Int+3}
   (You found it on level 8 of a ziggurat)

   [ring of wizardry]

   Wiz:       It improves your spell success rate.
   Int+3:     It affects your intelligence (+3).
   rF+:       It protects you from fire.
   rC-:       It makes you vulnerable to cold.
 k - the ring of Shadows (left tentacle) {Umbra +Inv Stlth+}
   (You found it in a treasure trove)

   [ring of stealth]

   Umbra:     It surrounds you with an aura of shadow, increasing your stealth
   and reducing the accuracy of all others within it.
   +Inv:      It lets you turn invisible.
   Stlth+:    It makes you more stealthy.
 m - a ring of the Octopus King (on tentacle) {HP+2 AC+2 EV+2 SH+2 SInv}
   (You found it on level 5 of a ziggurat)

   [ring of see invisible]

   AC+2:      It affects your AC (+2).
   EV+2:      It affects your evasion (+2).
   HP+2:      It affects your health (+2).
   SInv:      It lets you see invisible.
   SH+2:      It affects your SH (+2).
 o - the ring of Xoept (on tentacle) {Will+ Str+3}
   (You found it on level 5 of the Pits of Slime)

   [ring of willpower]

   Str+3:     It affects your strength (+3).
   Will+:     It increases your willpower.
 r - the ring "Qiol" (on tentacle) {rPois rCorr MP+9 Str+3 Int-4}
   (You took it off a vault sentinel on level 5 of the Vaults)

   [ring of poison resistance]

   Str+3:     It affects your strength (+3).
   Int-4:     It affects your intelligence (-4).
   rPois:     It protects you from poison MP+9: It affects your magic capacity
   (+9).
   rCorr:     It protects you from acid and corrosion.
 s - the ring "Gimnu" {rC++ rN+ rCorr Int-2}
   (You found it on level 11 of a ziggurat)

   [ring of positive energy]

   Int-2:     It affects your intelligence (-2).
   rC++:      It greatly protects you from cold.
   rN+:       It protects you from negative energy.
   rCorr:     It protects you from acid and corrosion.
 y - the ring "Eklomayl" (on tentacle) {AC+4 Dex+3}
   (You found it in a treasure trove)

   [ring of protection]

   AC+4:      It affects your AC (+4).
   Dex+3:     It affects your dexterity (+3).
 M - the ring "Ziofomp" (on tentacle) {^Contam rF+ rC+ SInv}
   (You found it on level 9 of a ziggurat)

   [ring of protection from cold]

   rF+:       It protects you from fire.
   rC+:       It protects you from cold.
   SInv:      It lets you see invisible.
   ^Contam:   It causes magical contamination when unequipped.
 P - the ring of Wishful Thinking (on tentacle) {^Contam Fly AC+4 Int+3}
   (You found it on level 12 of a ziggurat)

   [ring of protection]

   AC+4:      It affects your AC (+4).
   Int+3:     It affects your intelligence (+3).
   Fly:       It grants you flight.
   ^Contam:   It causes magical contamination when unequipped.
 S - a +6 ring of dexterity
   (You found it on level 4 of the Dungeon)
 V - the ring "Agyex" {Fire rN++ Will+ Dex-4 SInv}
   (You found it on level 1 of the Depths)

   [ring of fire]

   Fire:      It enhances your fire magic.
   Dex-4:     It affects your dexterity (-4).
   rF+:       It protects you from fire.
   rC-:       It makes you vulnerable to cold.
   rN++:      It greatly protects you from negative energy.
   Will+:     It increases your willpower.
   SInv:      It lets you see invisible.
 X - the amulet of Daffodils (around neck) {Reflect +Inv rC+ Slay+5 SH+5}
   (You took it off a deep elf pyromancer on level 13 of the Dungeon)

   [amulet of reflection]

   Reflect:   It reflects blocked missile attacks.
   Slay+5:    It affects your accuracy & damage with ranged weapons and melee
   (+5).
   rC+:       It protects you from cold.
   +Inv:      It lets you turn invisible.
   SH+5:      It affects your SH (+5).
Talismans
 u - a storm talisman (active)
   (You bought it in a shop in a bazaar)
 G - a granite talisman
   (You took it off Roxanne on level 3 of the Spider Nest)
Wands
 A - a wand of acid (47)
   (You found it in a treasure trove)
 D - a wand of digging (12)
   (You found it on level 3 of the Elven Halls)
 I - a wand of iceblast (81)
   (You found it on level 3 of the Spider Nest)
Scrolls
 d - 4 scrolls of fear
 e - 11 scrolls of poison
 h - 5 scrolls of silence
 l - 9 scrolls of immolation
 n - 5 scrolls of revelation
 p - 11 scrolls of fog
 v - 3 scrolls of butterflies
 B - 14 scrolls of blinking
 T - 29 scrolls of teleportation
Potions
 i - 5 potions of invisibility
 j - 8 potions of might
 q - 7 potions of enlightenment
 t - 9 potions of ambrosia
 z - 7 potions of cancellation
 C - 11 potions of mutation
 H - 5 potions of haste
 L - 6 potions of attraction
 O - 2 potions of berserk rage
 Q - 27 potions of curing
 R - 15 potions of heal wounds
 W - 5 potions of resistance
Miscellaneous
 w - a phantom mirror
   (You found it on level 5 of the Vaults)
 J - a lightning rod (4/4)
   (You found it on level 13 of the Dungeon)
 K - a condenser vane (inert)
   (You found it on level 10 of the Dungeon)
 N - a sack of spiders
   (You found it on level 9 of the Dungeon)
 U - a phial of floods
   (You found it on level 5 of the Lair of Beasts)


   Skills:
 - Level 25.2 Fighting
 - Level 5.2(6.0) Short Blades
 - Level 4.2(5.4) Long Blades
 - Level 10.0 Throwing
 - Level 23.5 Dodging
 - Level 20.0 Stealth
 - Level 17.0 Shields
 + Level 26.9 Unarmed Combat
 - Level 5.0 Invocations
 - Level 15.0 Evocations
 - Level 23.0 Shapeshifting


You had 20 spell levels left.
You knew the following spells:

 Your Spells              Type           Power      Damage    Failure   Level
a - Lesser Beckoning      Tloc           0%         N/A       38%         2
b - Apportation           Tloc           0%         N/A       26%         1
c - Passwall              Erth           0%         N/A       63%         3

Your spell library contained the following spells:

 Spells                   Type           Power      Damage    Failure   Level
 Freeze                   Ice            0%         1d3       26%         1
 Kiss of Death            Conj/Necr      0%         2d5       26%         1
 Magic Dart               Conj           0%         1d3       26%         1
 Necrotise                Necr           0%         1d4       26%         1
 Sandblast                Erth           0%         2d4       26%         1
 Shock                    Conj/Air       0%         1d3       26%         1
 Sting                    Conj/Alch      0%         1d3       26%         1
 Summon Small Mammal      Summ           0%         N/A       26%         1
 Blink                    Tloc           0%         N/A       38%         2
 Call Imp                 Summ           0%         N/A       38%         2
 Cigotuvi's Dreadful Rot  Necr/Alch/Air  0%         N/A       38%         2
 Ensorcelled Hibernation  Hex/Ice        0%         N/A       38%         2
 Jinxbite                 Hex            0%         N/A       38%         2
 Mercury Vapours          Alch/Air       0%         N/A       38%         2
 Momentum Strike          Conj/Tloc      0%         3d8       38%         2
 Static Discharge         Conj/Air       0%         3-3/arc   38%         2
 Call Canine Familiar     Summ           0%         N/A       63%         3
 Confusing Touch          Hex            0%         N/A       63%         3
 Dazzling Flash           Conj/Hex       0%         N/A       63%         3
 Frozen Ramparts          Ice            0%         1d1       63%         3
 Fugue of the Fallen      Necr           0%         N/A       63%         3
 Gell's Gravitas          Tloc           0%         N/A       63%         3
 Hailstorm                Conj/Ice       0%         3d5       63%         3
 Inner Flame              Hex/Fire       0%         N/A       63%         3
 Mephitic Cloud           Conj/Alch/Air  0%         N/A       63%         3
 Ozocubu's Armour         Ice            0%         N/A       63%         3
 Sigil of Binding         Hex            0%         N/A       63%         3
 Stone Arrow              Conj/Erth      0%         3d7       63%         3
 Summon Ice Beast         Ice/Summ       0%         N/A       63%         3
 Swiftness                Air            0%         N/A       63%         3
 Teleport Other           Tloc           0%         N/A       63%         3
 Tukima's Dance           Hex            0%         N/A       63%         3
 Vampiric Draining        Necr           0%         2d6       63%         3
 Volatile Blastmotes      Fire/Tloc      0%         2d10      63%         3
 Airstrike                Air            0%         2d(0-16)  95%         4
 Anguish                  Hex/Necr       0%         N/A       95%         4
 Animate Dead             Necr           0%         N/A       95%         4
 Brom's Barrelling Bould  Conj/Erth      0%         2d3       95%         4
 Cause Fear               Hex            0%         N/A       95%         4
 Dimensional Bullseye     Hex/Tloc       0%         N/A       95%         4
 Dispel Undead            Necr           0%         3d6       95%         4
 Flame Wave               Conj/Fire      0%         2d4       95%         4
 Fulminant Prism          Conj/Alch      0%         3d5       95%         4
 Ignite Poison            Fire/Alch      0%         N/A       95%         4
 Iskenderun's Mystic Bla  Conj/Tloc      0%         2d3       95%         4
 Leda's Liquefaction      Alch/Erth      0%         N/A       95%         4
 Manifold Assault         Tloc           0%         N/A       95%         4
 Martyr's Knell           Necr/Summ      0%         N/A       95%         4
 Olgreb's Toxic Radiance  Alch           0%         N/A       95%         4
 Passage of Golubria      Tloc           0%         N/A       95%         4
 Petrify                  Alch/Erth      0%         N/A       95%         4
 Summon Blazeheart Golem  Fire/Summ      0%         N/A       95%         4
 Summon Lightning Spire   Summ/Air       0%         N/A       95%         4
 Vhi's Electric Charge    Tloc/Air       0%         N/A       95%         4
 Alistair's Intoxication  Alch           0%         N/A       100%        5
 Arcjolt                  Conj/Air       0%         1d10      100%        5
 Borgnjor's Vile Clutch   Necr/Erth      0%         N/A       100%        5
 Curse of Agony           Necr           0%         N/A       100%        5
 Freezing Cloud           Conj/Ice/Air   0%         6-21      100%        5
 Irradiate                Conj/Alch      0%         3d11      100%        5
 Iskenderun's Battlesphe  Conj           0%         2d6       100%        5
 Lee's Rapid Deconstruct  Erth           0%         3d4*      100%        5
 Metabolic Englaciation   Hex/Ice        0%         N/A       100%        5
 Silence                  Hex/Air        0%         N/A       100%        5
 Summon Forest            Summ/Tloc      0%         N/A       100%        5
 Summon Mana Viper        Hex/Summ       0%         N/A       100%        5
 Yara's Violent Unravell  Hex/Alch       0%         3d3       100%        5
 Bombard                  Conj/Erth      0%         9d1       100%        6
 Conjure Ball Lightning   Conj/Air       0%         3x3d6     100%        6
 Death Channel            Necr           0%         N/A       100%        6
 Dispersal                Tloc           0%         N/A       100%        6
 Plasma Beam              Fire/Air       0%         2x1d10    100%        6
 Sculpt Simulacrum        Ice/Alch       0%         N/A       100%        6
 Starburst                Conj/Fire      0%         6d3       100%        6
 Summon Cactus Giant      Summ           0%         N/A       100%        6
 Enfeeble                 Hex            0%         N/A       100%        7
 Haunt                    Necr/Summ      0%         N/A       100%        7
 Monstrous Menagerie      Summ           0%         N/A       100%        7
 Orb of Destruction       Conj           0%         9d5       100%        7
 Ozocubu's Refrigeration  Ice            0%         4d7       100%        7
 Spellforged Servitor     Conj/Summ      0%         N/A       100%        7
 Summon Hydra             Summ           0%         N/A       100%        7
 Borgnjor's Revivificati  Necr           0%         N/A       100%        8
 Discord                  Hex            0%         N/A       100%        8
 Disjunction              Tloc           0%         N/A       100%        8
 Ignition                 Fire           0%         3d3       100%        8
 Infestation              Necr           0%         N/A       100%        8
 Lehudib's Crystal Spear  Conj/Erth      0%         10d2      100%        8
 Maxwell's Capacitive Co  Air            0%         ∞         100%        8
 Chain Lightning          Conj/Air       0%         N/A       100%        9
 Death's Door             Necr           0%         N/A       100%        9
 Fire Storm               Conj/Fire      0%         5d1       100%        9
 Polar Vortex             Ice            0%         N/A       100%        9
 Shatter                  Erth           0%         3d5*      100%        9
 Sublimation of Blood     Necr           Unusable   N/A       N/A         2
 Animate Armour           Summ/Erth      Unusable   N/A       N/A         4

Dungeon Overview and Level Annotations

Branches:
Dungeon (15/15)            Temple (1/1) D:6            Lair (5/5) D:9
  Swamp (4/4) Lair:3       Spider (4/4) Lair:2        Slime (5/5) Lair:5
    Orc (2/2) D:12            Elf (3/3) Orc:2        Vaults (5/5) D:13
  Crypt (3/3) Vaults:2       Tomb (0/3) Crypt:3      Depths (4/4) D:15
    Zot (5/5) Depths:4    Volcano (visited)         Desolation (visited)

Altars:
Ashenzari
Cheibriados
Dithmenos
Elyvilon
Fedhas
Gozag
Hepliaklqana
Kikubaaqudgha
Makhleb
Nemelex Xobeh
Okawaru
Qazlal
Ru
Sif Muna
Trog
Uskayaw
Vehumet
Wu Jian
Xom
Yredelemnul
Zin
The Shining One
Jiyva
Lugonu

Shops:
D:4 [   D:5 *   D:8 *   Orc:2 :(*[   Elf:1 *   Elf:3 *   Vaults:5 !!?
Depths:2 !(*   Depths:3 *

Portals:
Hell: Depths:1 Depths:2 Depths:3 Depths:4
Abyss: Lair:5 Depths:2 Depths:3
Pandemonium: Depths:1 Depths:2

Annotations:
Lair:3 exclusion: oklob plant
Zot:1 2 transporters


Innate Abilities, Weirdness & Mutations

You are a lightning-filled tempest!
Your electrical attacks strike out in all directions at once.
You are incredibly evasive.
Your insubstantial body is immune to petrification, constriction, and being set on fire You are flying.
Your armour is entirely melded.
You are incapable of wielding weapons or throwing items.
Your life essence is reduced to manifest your ancestor. (-10% HP)
You cannot wear most types of armour.
You are amphibious.
You can wear up to eight rings at the same time.
You are immune to poison.
((Your skin changes colour to match your surroundings (Stealth+).))
((Your rubbery body absorbs attacks. (AC +1, EV +1)))
((You are camouflaged when in or above water. (Stealth+)))
((You have tentacles for arms and can constrict up to eight enemies at once.))
Your magical capacity is low. (-10% MP)
You passively dampen the noise of your surroundings.


Message History

Things that are here:
a +0 chain mail; a +0 bardiche You see here a +0 short sword.
You see here a +0 cloak.
A blizzard demon comes into view.
You can't go up here!
The blizzard demon gestures at you. The bolt of lightning misses you.
Things that are here:
a +0 halberd; a +2 long sword of draining
There is a stone staircase leading up, spattered with blood here.
You fly upwards.
There is a stone staircase leading down here.
There is a stone staircase leading up here.
You fly upwards.
There is a stone staircase leading down here.
There is an open door here.
There is a stone staircase leading up here.
You fly upwards.
There is a stone staircase leading down here.
There is a staircase back to the Dungeon here.
You fly upwards.
Welcome back to the Dungeon!
There is a staircase to the Depths here.
There is an open door here.
Things that are here:
a +0 ring mail; a +0 battleaxe
There is an open door here.
There is an open door here.
There is a stone staircase leading up here.
You fly upwards.
There is a stone staircase leading down here.
There is a stone staircase leading up here.
You fly upwards.
There is a stone staircase leading down here.
A ynoxinul comes into view.
The ynoxinul completely misses you.
You blast the ynoxinul!!!!
You kill the ynoxinul!
No target in view!
You see here a +0 orcbow.
You see here a +0 orcbow.
You see here a +0 orcbow.
There is a stone staircase leading up, spattered with blood here.
Things that are here:
a +0 plate armour; a +3 battleaxe You fly upwards.
There is a stone staircase leading down here.
An Orb Guardian comes into view.
The Orb Guardian completely misses you.
You closely miss the Orb Guardian.
You blast the Orb Guardian!!!
The Orb Guardian is severely wounded.
The Orb Guardian completely misses you.
You closely miss the Orb Guardian. You punch the Orb Guardian!
The Orb Guardian is almost dead.
The Orb Guardian completely misses you.
You batter the Orb Guardian!!
You kill the Orb Guardian!
There is a stone staircase leading up here.
You fly upwards.
There is a stone staircase leading down here.
There is an open door here.
A cacodemon and an orange demon come into view.
The cacodemon moves out of view.
The orange demon moves out of view.
There is a stone staircase leading up here.
You fly upwards.
There is a stone staircase leading down, spattered with blood here.
There is a stone staircase leading up here.
You fly upwards.
There is a stone staircase leading down here.
Unknown command.
Unknown command.
Unknown command.
Aiming: Dig
Press: ? - help, Shift-Dir - straight line A rock wall.
This square is wreathed by an umbra and is covered in magical glow.
The rock shatters into small pieces.
There is a stone staircase leading up here.
You fly upwards.
There is a stone staircase leading down here.
There is a stone staircase leading up here.
You fly upwards.
There is a stone staircase leading down here.
There is a stone staircase leading up here.
You fly upwards.
There is a stone staircase leading down here.
There is an escape hatch in the ceiling here.
A mysterious force pulls you upwards. The hatch slams shut behind you.
An Orb Guardian comes into view.
A lich and an orange demon come into view.
Ijuusune comes into view. It is armed with a chaotic touch.
You feel yourself speed up.
The lich gestures at you while chanting.
You resist with almost no effort.
There is a stone staircase leading up here.
You fly upwards.
There is a stone staircase leading down here.
There is a stone staircase leading up, spattered with blood here.
You fly upwards.
Your extra speed is starting to run out.
There is a stone staircase leading down, spattered with blood here.
Aiming: Dig
Press: ? - help, Shift-Dir - straight line This square is wreathed by an umbra and is covered in magical glow.
The rock shatters into small pieces.
Things that are here:
a +0 giant club; a +0 ring mail; a +0 flail You feel yourself slow down.
There is a stone staircase leading up here.
You fly upwards.
There is a stone staircase leading down here.
You feel yourself speed up.
An Orb Guardian comes into view.
The Orb Guardian moves out of view.
You blast the Orb Guardian!!!
You punch the Orb Guardian, but do no damage.
The Orb Guardian is severely wounded.
The Orb Guardian completely misses you.
You blast the Orb Guardian!!!!
Lightning courses through the Orb Guardian!
You kill the Orb Guardian!
There is a stone staircase leading up here.
You fly upwards.
Your extra speed is starting to run out.
There is a stone staircase leading down here.
A hellion comes into view.
The hellion moves out of view.
There is an open door here.
Unknown command.
You reach down and close the door.
You feel yourself slow down.
You feel yourself speed up.
Unknown command.
You reach down and open the door.
The hellion gestures at you.
The sphere of damnation explodes!
The damnation engulfs you!
You take 14 damage, and have 183/197 hp.
There is an open door here.
You batter the hellion!!
The hellion is heavily wounded.
You batter the hellion!!
You kill the hellion!
Your extra speed is starting to run out.
You feel yourself slow down.
HP restored.
There is a staircase leading out of the dungeon here.
Health restored: 197
There is a staircase leading out of the dungeon here.
You have escaped!

#...# #.# #.##........ #.###
#########.###.##.###
##.#######
###.....'##........#
.........#
#'.......######.####
##.##.##.###.........## #.#
#.##....##...........## #.#
#..[..###.[...........###.#
##.##.###..............##..#
................v.........##
##.....##..............##.#
#####.###.............+..#
#.####...........#####
#....'#.........##
#############.....).###
......# ##.....##.#######
#####.# #######...>....# #
#.# ###.###...#####.#


There were no monsters in sight!

Vanquished Creatures
  the Royal Jelly (Slime:5)
  11 ancient liches
  6 dread liches
  3 orbs of fire
  Mennas (Depths:3)
  5 royal mummies (Zig:13)
  4 juggernauts
  Sojobo (Crypt:2)
  Xtahua (Depths:3)
  3 pandemonium lords
  11 Killer Klowns
  Boris (Depths:2)
  Margery (Vaults:4)
  A caustic shrike (Depths:1)
  2 curse toes (Zot:5)
  The ghost of Cofabior the Victor of a Thousand Battles, a veteran GnWn of Okawaru (Depths:1)
  A profane servitor (Crypt:3)
  6 golden dragons
  A bone dragon (Crypt:3)
  Norris (Elf:3)
  Jory (Vaults:3)
  2 Tzitzimimeh (Zig:17)
  Arachne (Spider:4)
  2 Brimstone Fiends (Zig:17)
  2 hellephants
  An iron giant (Zig:9)
  3 electric golems
  11 tentacled monstrosities
  An Ice Fiend (Zig:17)
  A walking earthen tome (Depths:1)
  21 Orb Guardians
  2 deep elf blademasters
  6 quicksilver dragons
  2 liches
  6 titans
  A walking divine tome (Depths:1)
  6 deep elf master archers
  A walking frostbound tome (Depths:1)
  A sphinx (shapeshifter) (Zig:7)
  8 sphinxes
  4 death cobs
  13 acid blobs
  9 ancient champions
  2 Executioners (Zig:17)
  18 tengu reavers
  3 thorn hunters (Swamp:4)
  Agnes (Elf:2)
  9 storm dragons
  8 shadow dragons
  Roxanne (Spider:3)
  A revenant (Crypt:3)
  5 protean progenitors
  10 azure jellies
  7 draconian knights
  3 draconian monks
  2 demonspawn warmongers (Zig:17)
  14 frost giants
  3 deep elf sorcerers (Elf:3)
  Donald (Vaults:2)
  An emperor scorpion (shapeshifter) (Zig:11)
  8 draconian shifters
  6 draconian scorchers
  An iron dragon (Depths:1)
  11 rockslimes
  17 fire giants
  4 emperor scorpions
  3 balrugs
  2 deep elf elementalists
  9 ghost moths
  3 imperial myrmidons (Desolation)
  19 vault wardens
  5 orc warlords
  7 ghouls
  2 curse skulls
  2 draconian stormcallers
  A juggernaut zombie (Depths:1)
  8 draconian annihilators
  2 broodmothers (Zig:12)
  3 reapers
  15 quicksilver oozes
  2 demonspawn corrupters
  9 formless jellyfish
  A juggernaut skeleton (Crypt:1)
  20 ironbound preservers
  32 very ugly things
  3 hydra skeletons (Swamp:4)
  25 stone giants
  5 spriggan defenders
  6 deep elf demonologists
  5 eleionomae
  9 vampire knights
  11 green draconians
  The ghost of BigPumpCobain the Impaler, a journeyman MiBe of Trog (Lair:3)
  5 ironbound thunderhulks
  8 deep elf annihilators
  A spectral hellephant (Crypt:3)
  6 yellow draconians
  7 deep elf death magi
  2 bunyips
  5 white draconians
  12 red draconians
  2 demonspawn black suns (Zig:17)
  3 lorocyprocas
  16 purple draconians
  10 black draconians
  Azrael (Elf:1)
  The ghost of anacleto the Mimic, a journeyman TrSh of Qazlal (D:13)
  2 war gargoyles
  4 spark wasps
  A halazid warlock (Desolation)
  32 dire elephants
  A wendigo (Zig:5)
  2 crystal guardians
  2 green deaths
  22 ettins
  The ghost of Drazool the Mimic, a journeyman OpSu of Sif Muna (Lair:2)
  An eidolon (Crypt:3)
  4 blizzard demons
  Josephine (Lair:3)
  17 jiangshi
  2 spectral elves (Crypt:3)
  Snorg (Orc:1)
  5 fire dragons
  3 spriggan zombies
  6 ragged hierophants (Desolation)
  12 deep elf high priests
  5 shambling mangroves
  9 servants of whispers (Desolation)
  6 entropy weavers
  17 yaktaur captains
  17 great orbs of eyes
  6 jorogumos
  3 rakshasas
  14 ice dragons
  34 vault guards
  2 ogre magi
  2 hell beasts (Zig:17)
  3 spriggan air magi
  12 alligators
  7 peacekeepers
  12 hydras
  10 ironbound frosthearts
  A catoblepas (Lair:2)
  2 alligator snapping turtles (shapeshifter) (Zig:11)
  2 radroaches
  4 ghost crabs
  6 boulder beetles
  19 centaur warriors
  A satyr (Zig:8)
  8 two-headed ogres
  2 sphinx skeletons
  3 death scarabs (Zig:13)
  4 death knights
  4 deep troll earth magi
  6 tengu warriors
  10 demonic crawlers
  8 vampire magi
  5 deep troll shamans
  25 dancing weapons
  4 naga sharpshooters (Zig:8)
  16 deep elf knights
  3 spriggan berserkers
  4 thrashing horrors (Lair:5)
  8 hell knights
  3 orc high priests
  2 occultists (Depths:1)
  2 sun demons
  21 skeletal warriors
  4 soul eaters
  A storm dragon zombie (Zig:13)
  4 shadow wraiths
  A titan skeleton (Crypt:1)
  A salamander mystic (Volcano)
  6 skysharks
  3 goliath frogs
  A large abomination (Lair:5)
  6 iron trolls
  4 glowing orange brains
  8 pharaoh ants
  A storm dragon skeleton (Zig:13)
  63 deep trolls
  An orb spider (shapeshifter) (Zig:7)
  5 orb spiders
  6 spriggan druids
  A spark wasp zombie (Depths:2)
  4 sun moths
  16 ironbound convokers
  A shadow demon (Zot:2)
  3 arcanists
  7 flayed ghosts
  11 lindwurms
  2 orange crystal statues (Zig:13)
  5 swamp dragons (Swamp:4)
  14 deep elf archers
  4 spectral hydras (Swamp:4)
  5 harpies
  7 bog bodies
  26 deep elf pyromancers
  13 phantasmal warriors
  3 swamp dragons (shapeshifter)
  14 orc knights
  21 deep elf zephyrmancers
  An obsidian statue (Zig:13)
  5 necromancers
  2 steelbarb worms
  A shadow dragon zombie (Depths:1)
  A golden dragon skeleton (Depths:1)
  5 orc sorcerers
  5 shining eyes
  A broodmother zombie (Crypt:2)
  40 ugly things
  3 oklob plants (Swamp:4)
  26 wolf spiders
  2 cyclopes
  An iron dragon skeleton (Crypt:2)
  18 moths of wrath
  2 fauns (shapeshifter)
  4 will-o-the-wisps
  10 elephants
  A shadow dragon skeleton (Zig:13)
  2 manticores
  4 salamanders (Volcano)
  3 meliai
  2 apocalypse crabs (Zig:11)
  An ice statue (Zig:13)
  A frost giant zombie (Depths:1)
  6 black mambas
  6 eyes of devastation
  5 guardian serpents (Desolation)
  A water nymph (shapeshifter) (Depths:1)
  A fire giant skeleton (Depths:1)
  5 kobold blastminers
  A molten gargoyle (Desolation)
  A naga skeleton (Crypt:2)
  25 vault sentinels
  5 smoke demons
  2 frost giant skeletons
  A dire elephant skeleton (Crypt:1)
  3 torpor snails
  An eye of devastation (shapeshifter) (Depths:1)
  2 torpor snails (shapeshifter)
  An orange demon (Zig:17)
  A cane toad (shapeshifter) (Lair:5)
  A centaur skeleton (Crypt:1)
  3 gargoyles
  6 cane toads
  5 rime drakes
  2 freezing wraiths
  41 yaktaurs
  A yaktaur zombie (Vaults:2)
  3 komodo dragons
  3 kobold demonologists
  4 hellions
  A redback zombie (Crypt:2)
  A catoblepas skeleton (Crypt:2)
  Psyche (D:12)
  A tormentor (Zig:17)
  An efreet (D:13)
  3 tengu conjurers
  3 red devils (Zig:17)
  12 guardian mummies
  A queen bee (Spider:3)
  2 polar bears
  8 trolls
  A hydra zombie (Swamp:4)
  A purple draconian skeleton (Crypt:2)
  A bloated husk (Swamp:1)
  A polar bear (shapeshifter) (D:13)
  10 hornets
  3 glass eyes
  An unseen horror skeleton (Crypt:2)
  A raiju (Lair:5)
  41 saltlings (Desolation)
  22 tarantellas
  7 tyrant leeches
  20 blink frogs
  4 dream sheep (Lair:3)
  A human skeleton (Vaults:2)
  67 slime creatures
  19 culicivoras
  An ettin skeleton (Depths:2)
  19 jumping spiders
  3 shadows
  8 small abominations (Lair:5)
  3 wyverns
  7 spriggans
  11 wraiths
  3 vampires
  A water elemental (Elf:2)
  4 ynoxinuls
  5 fire elementals
  17 yaks
  A steam dragon (D:9)
  3 ushabtiu (Zig:13)
  A golden eye (Slime:5)
  2 wargs
  10 basilisks
  37 redbacks
  4 vampire mosquitoes
  4 chaos spawn
  A naga zombie (Crypt:1)
  Edmund (D:5)
  18 swamp worms
  A glowing shapeshifter skeleton (Vaults:2)
  11 water moccasins
  2 acid dragons
  2 hydra simulacra (Swamp:4)
  2 hell hounds (Elf:1)
  5 swamp drakes
  A hornet zombie (Crypt:3)
  A water nymph skeleton (Crypt:1)
  28 orc warriors
  2 black bears (D:9)
  2 human zombies (Vaults:2)
  3 ice beasts
  9 laughing skulls
  9 ogres
  6 swamp dragon zombies
  A wolf (shapeshifter) (Lair:5)
  6 centaurs
  A swamp dragon skeleton (Crypt:1)
  2 phantoms (D:4)
  3 kobold brigands
  A vine stalker zombie (Crypt:1)
  12 bullfrogs
  7 necrophages
  4 scorpions
  An elf skeleton (Crypt:2)
  A komodo dragon skeleton (Crypt:3)
  A draconian skeleton (Crypt:2)
  A yaktaur skeleton (Crypt:1)
  7 earth elementals
  16 wights
  6 hexers
  A queen bee zombie (Crypt:3)
  18 killer bees
  3 howler monkeys
  2 bombardier beetles
  A bullfrog zombie (Crypt:3)
  3 hounds (D:5)
  2 jellies (D:5)
  12 orc priests
  A gnoll bouda (D:4)
  A sleepcap (D:6)
  Ijyb (D:3)
  An iguana (D:5)
  15 orc wizards
  13 hell rats
  2 tengu zombies (Crypt:2)
  18 mummies
  9 gnolls
  8 adders
  A steam dragon zombie (Crypt:3)
  2 swamp drake skeletons (Swamp:4)
  A shadow imp (D:6)
  3 white imps
  2 ufetubi (D:6)
  A ribbon worm (D:2)
  2 dart slugs
  61 orcs
  15 bats
  5 endoplasms
  5 giant cockroaches
  17 goblins
  14 hobgoblins
  3 jackals (D:2)
  8 kobolds
  4 quokkas
  6 ball pythons
  2 frilled lizards (D:1)
  4 rats (D:1)
  2 aspiring fleshes (Zot:3)
2413 creatures vanquished.

Vanquished Creatures (collateral kills)
  2 dread liches
  Mara (Vaults:5)
  A pandemonium lord (Zig:7)
  A Killer Klown (Zot:5)
  3 golden dragons
  A bone dragon (Depths:4)
  6 Orb Guardians (Zot:5)
  4 tentacled monstrosities
  A deep elf master archer (Zig:15)
  A lich (Depths:1)
  A deep elf blademaster (Elf:3)
  3 titans
  A death cob (Zot:5)
  4 acid blobs
  An ancient champion (Crypt:3)
  A shadow dragon (Vaults:5)
  A storm dragon (Zot:5)
  4 frost giants (Depths:2)
  A fire giant (Depths:2)
  A draconian monk (Depths:4)
  3 azure jellies
  A draconian shifter (Zot:2)
  An emperor scorpion (Zig:12)
  2 deep elf sorcerers (Elf:3)
  A vault warden (Vaults:5)
  4 ghost moths
  2 draconian scorchers (Zot:1)
  A ghoul (Crypt:3)
  A draconian annihilator (Zot:5)
  2 orc warlords
  5 very ugly things
  An ironbound thunderhulk (Vaults:1)
  5 ironbound preservers
  2 broodmothers (Zig:12)
  2 formless jellyfish
  6 stone giants
  3 quicksilver oozes (Slime:5)
  A deep elf death mage (Elf:3)
  2 eleionomae
  A black draconian (Zot:5)
  4 deep elf annihilators
  2 bunyips (Swamp:2)
  2 purple draconians
  A red draconian (Zot:5)
  A wendigo (Zig:5)
  A spectral hellephant (Crypt:3)
  7 dire elephants
  3 white draconians
  A crystal guardian (Desolation)
  An eidolon (Crypt:2)
  2 ettins
  A fire dragon (Depths:4)
  A deep elf high priest (Elf:3)
  A green death (Zig:17)
  2 yaktaur captains
  2 entropy weavers
  A great orb of eyes (Vaults:4)
  A spectral shadow dragon (Crypt:3)
  2 hydras
  A hell beast (Lair:5)
  3 vault guards (D:13)
  A jorogumo (Spider:4)
  2 ironbound frosthearts
  2 centaur warriors
  2 radroaches
  A ghost crab (Crypt:1)
  13 dancing weapons
  2 boulder beetles
  A two-headed ogre (D:9)
  3 deep troll shamans
  3 alligators
  2 demonic crawlers
  A deep troll earth mage (Depths:3)
  An occultist (Depths:2)
  4 vampire magi
  2 spriggan berserkers
  A death yak (Lair:2)
  2 deep elf knights
  A sun demon (Zig:2)
  Nergalle (D:12)
  3 hell knights
  An iron troll (Depths:1)
  A pharaoh ant (Zig:12)
  A storm dragon skeleton (Zig:13)
  3 skeletal warriors (Crypt:3)
  A mana viper (shapeshifter) (Vaults:5)
  7 deep trolls
  An arcanist (D:14)
  2 ironbound convokers (Vaults:5)
  2 orb spiders (Spider:4)
  5 deep elf archers
  A sun moth (Zig:12)
  An orc knight (Vaults:2)
  3 necromancers
  A swamp dragon (shapeshifter) (Vaults:5)
  6 deep elf pyromancers
  4 deep elf zephyrmancers
  2 shining eyes (Slime:3)
  A will-o-the-wisp (Swamp:2)
  6 wolf spiders
  8 ugly things
  4 moths of wrath
  A cyclops (Zig:9)
  A black mamba (Lair:4)
  A guardian serpent (Desolation)
  2 meliai
  10 elephants
  A kobold blastminer (Zig:8)
  2 eyes of devastation
  A vault sentinel (Vaults:1)
  4 cane toads
  2 torpor snails
  3 kobold demonologists
  3 komodo dragons
  A sea snake zombie (Crypt:1)
  5 yaktaurs
  A freezing wraith (Crypt:1)
  A bloated husk (Swamp:1)
  5 hornets
  A polar bear (Lair:2)
  2 trolls
  A death drake skeleton (Crypt:1)
  9 saltlings (Desolation)
  3 tarantellas
  A tyrant leech (shapeshifter) (Vaults:5)
  A raiju (shapeshifter) (D:12)
  A hydra zombie (Swamp:4)
  A glass eye (Depths:2)
  3 dream sheep (Lair:3)
  A glass eye (shapeshifter) (Vaults:5)
  12 blink frogs
  A raiju (Lair:5)
  A harpy skeleton (Crypt:3)
  2 jumping spiders
  A jumping spider (shapeshifter) (D:13)
  A black mamba zombie (Crypt:3)
  4 culicivoras
  4 vampires (Crypt:3)
  A culicivora (shapeshifter) (D:13)
  3 air elementals
  27 slime creatures
  2 spriggans
  A wyvern (Lair:4)
  3 wraiths
  18 yaks
  2 fire elementals (Elf:3)
  2 water elementals (Zig:15)
  3 basilisks
  A warg (Zig:10)
  6 redbacks
  A vampire mosquito (D:14)
  2 swamp worms
  4 water moccasins
  A hell hound (Elf:1)
  2 swamp drakes (Swamp:4)
  9 orc warriors
  A black bear (shapeshifter) (D:14)
  4 laughing skulls
  3 centaurs
  3 kobold brigands
  An elf zombie (Crypt:1)
  A gnoll sergeant (D:9)
  6 bullfrogs
  A scorpion (D:9)
  A small abomination (Lair:5)
  2 wights (D:7)
  5 killer bees (Spider:3)
  A jelly (D:8)
  7 orc priests
  5 orc wizards
  A hell rat (Lair:4)
  2 mummies
  3 gnolls (D:9)
  An adder skeleton (Crypt:3)
  A ribbon worm (D:8)
  15 orcs
  3 hobgoblins (Orc:1)
  2 kobolds (D:11)
485 creatures vanquished.

Vanquished Creatures (others)
  A draconian knight (Zot:3)
  A black draconian (Zot:3)
  An ettin (Depths:1)
  A deep elf knight (Elf:2)
  A deep troll (Vaults:2)
  A deep elf zephyrmancer (Elf:2)
  An ugly thing (Depths:2)
  An ogre (Vaults:5)
  An ancestor (D:7)
  81 hexers
  A rat skeleton (Crypt:3)
  A butterfly (D:13)
  25 foxfires
  2 starspawn tentacles (Zig:4)
119 creatures vanquished.

Grand Total: 3017 creatures vanquished

Notes
Turn   | Place    | Note
-------+----------+-------------------------------------------
     0 | D:1      | mdonais the Octopode Brigand began the quest for the Orb.
     0 | D:1      | Reached XP level 1. HP: 14/14 MP: 1/1
   231 | D:1      | Reached XP level 2. HP: 20/20 MP: 2/2
   426 | D:1      | Reached XP level 3. HP: 25/25 MP: 3/3
  1175 | D:2      | Reached XP level 4. HP: 31/31 MP: 4/4
  2001 | D:3      | Reached XP level 5. HP: 36/37 MP: 5/5
  2131 | D:3      | Noticed Ijyb
  2133 | D:3      | Killed Ijyb
  2200 | D:3      | Found a faded altar of an unknown god.
  2517 | D:4      | Found Qeloisam's Armour Shoppe.
  2531 | D:4      | Noticed a phantom
  3329 | D:4      | Reached skill level 1 in Evocations
  3401 | D:4      | Noticed an ogre
  3474 | D:3      | Killed an ogre
  3475 | D:3      | Reached XP level 6. HP: 44/44 MP: 6/6
  3699 | D:4      | Reached skill level 5 in Fighting
  4243 | D:4      | Reached XP level 7. HP: 49/50 MP: 7/7
  4393 | D:5      | Entered Level 5 of the Dungeon
  4488 | D:5      | Found an ornate altar of the Wu Jian Council.
  4506 | D:5      | Found Roatani's General Store.
  4514 | D:5      | Bought a scroll of blinking for 97 gold pieces
  4514 | D:5      | Bought a potion of heal wounds for 65 gold pieces
  4792 | D:4      | Reached skill level 1 in Long Blades
  4893 | D:5      | Reached XP level 8. HP: 45/57 MP: 8/8
  5739 | D:5      | Noticed Edmund
  5798 | D:6      | Found a staircase to the Ecumenical Temple.
  5806 | Temple   | Entered the Ecumenical Temple
  5813 | Temple   | Became a worshipper of Hepliaklqana the Forgotten
  5921 | D:6      | Found a sacrificial altar of Ru.
  5923 | D:6      | Found an iron altar of Okawaru.
  6525 | D:6      | Found a broken altar of Ashenzari.
  6525 | D:6      | Found a white marble altar of Elyvilon.
  6792 | D:7      | HP: 1/60 [something (5)]
  7076 | D:7      | Reached skill level 5 in Dodging
  7076 | D:7      | Reached XP level 9. HP: 43/64 MP: 9/9
  7271 | D:7      | Reached * piety under Hepliaklqana
  7638 | D:7      | Identified the +8 mace of Kirgh {heavy, rF- Str+6}
  8051 | D:8      | Found Quavil's General Store.
  8076 | D:8      | Bought a potion of degeneration for 12 gold pieces
  8076 | D:8      | Bought a wand of iceblast (3) for 86 gold pieces
  8076 | D:8      | Bought a scroll of identify for 24 gold pieces
  8076 | D:8      | Bought a scroll of identify for 24 gold pieces
  8138 | D:8      | Noticed a two-headed ogre
  8221 | D:8      | Found a blossoming altar of Fedhas.
  8243 | D:8      | Reached ** piety under Hepliaklqana
  8244 | D:8      | Remembered your ancestor Reno as a hexer
  8635 | D:8      | Found a snail-covered altar of Cheibriados.
  8779 | D:8      | Killed a two-headed ogre
  8780 | D:8      | Reached skill level 5 in Short Blades
  8780 | D:8      | Reached XP level 10. HP: 65/65 MP: 10/10
  8792 | D:8      | Found a shadowy altar of Dithmenos.
  8948 | D:9      | Noticed a two-headed ogre
  8954 | D:9      | Killed a two-headed ogre
  9219 | D:9      | Reached skill level 5 in Evocations
  9294 | D:9      | Found a runed translucent door.
  9294 | D:9      | Noticed a deep elf pyromancer
  9295 | D:9      | Noticed a deep elf archer
  9297 | D:9      | Killed a deep elf pyromancer
  9308 | D:9      | Killed a deep elf archer
  9309 | D:9      | Reached skill level 10 in Fighting
  9322 | D:9      | Noticed a centaur warrior
  9328 | D:9      | Killed a centaur warrior
  9485 | D:9      | Found a staircase to the Lair.
  9494 | D:9      | Reached XP level 11. HP: 73/73 MP: 11/11
 10150 | D:5      | Killed Edmund
 10428 | D:10     | Entered Level 10 of the Dungeon
 10434 | D:10     | Reached *** piety under Hepliaklqana
 10706 | D:9      | Reached skill level 1 in Shields
 10907 | D:6      | Found a bloodstained altar of Trog.
 10996 | D:10     | Noticed a two-headed ogre
 11018 | D:10     | Killed a two-headed ogre
 11177 | D:10     | Found a glowing golden altar of the Shining One.
 11212 | D:10     | Noticed a two-headed ogre
 11272 | D:10     | Killed a two-headed ogre
 11273 | D:10     | Reached skill level 1 in Shapeshifting
 11748 | D:10     | Found Ixoump's Distillery.
 11855 | D:10     | Reached XP level 12. HP: 81/81 MP: 12/12
 12135 | Lair:1   | Entered Level 1 of the Lair of Beasts
 12135 | Lair:1   | Reached **** piety under Hepliaklqana
 13315 | Lair:2   | Reached skill level 10 in Dodging
 13442 | Lair:2   | Found a hole to the Spider Nest.
 13452 | Lair:2   | Reached skill level 5 in Shields
 13454 | Lair:2   | Noticed a skyshark
 13463 | Lair:2   | Killed a skyshark
 13504 | Lair:2   | Noticed an eight-headed hydra
 13701 | Lair:2   | Found a runed translucent door.
 13704 | Lair:2   | Noticed Drazool's ghost (journeyman OpSu)
 13708 | Lair:2   | Identified the +5 spear "Vesenn" {flame, rPois Str+5 Dex+5}
 13740 | Lair:2   | Noticed a death yak
 13748 | Lair:2   | Killed a death yak
 13749 | Lair:2   | Reached skill level 5 in Shapeshifting
 13919 | Lair:2   | Noticed a catoblepas
 13926 | Lair:2   | Killed a catoblepas
 13990 | Lair:2   | Killed an eight-headed hydra
 14189 | Lair:2   | Noticed a boulder beetle
 14202 | Lair:2   | Killed a boulder beetle
 14437 | Lair:3   | Reached XP level 13. HP: 78/87 MP: 15/15
 14646 | Lair:3   | Reached ***** piety under Hepliaklqana
 14666 | Lair:3   | Found a dark tunnel.
 14677 | Volcano  | Entered a volcano
 15414 | Lair:3   | Noticed Josephine
 15420 | Lair:3   | Killed Josephine
 15473 | Lair:3   | Found a runed translucent gate.
 15481 | Lair:3   | Noticed BigPumpCobain's ghost (journeyman MiBe)
 15483 | Lair:3   | Found a runed translucent gate.
 15486 | Lair:3   | Found a runed translucent gate.
 15608 | Lair:3   | Found a blossoming altar of Fedhas.
 15908 | Lair:3   | Found a staircase to the Swamp.
 16332 | Lair:4   | You fall into a shaft and drop 1 floor!
 16332 | Lair:5   | Entered Level 5 of the Lair of Beasts
 16532 | Lair:4   | Reached skill level 1 in Unarmed Combat
 16717 | Lair:4   | Reached skill level 2 in Unarmed Combat
 16748 | Lair:4   | Reached skill level 3 in Unarmed Combat
 16901 | Lair:3   | Reached skill level 4 in Unarmed Combat
 17513 | D:11     | Reached XP level 14. HP: 71/95 MP: 16/16
 17762 | D:11     | Reached skill level 5 in Unarmed Combat
 18127 | D:12     | Found a staircase to the Orcish Mines.
 18424 | D:12     | Reached skill level 6 in Unarmed Combat
 18848 | D:12     | Noticed Psyche
 18853 | D:12     | Noticed Nergalle
 18856 | D:12     | Killed Psyche
 18857 | D:12     | Reached skill level 7 in Unarmed Combat
 18861 | D:12     | Killed Nergalle
 19332 | Orc:1    | Entered Level 1 of the Orcish Mines
 19426 | Orc:1    | Reached ****** piety under Hepliaklqana
 19482 | Orc:1    | Noticed Snorg
 19497 | Orc:1    | Killed Snorg
 20007 | Orc:1    | Reached skill level 8 in Unarmed Combat
 20322 | Orc:2    | Entered Level 2 of the Orcish Mines
 20972 | Orc:2    | Found a staircase to the Elven Halls.
 21093 | Orc:2    | Noticed an orc warlord
 21107 | Orc:2    | Killed an orc warlord
 21113 | Orc:2    | Reached skill level 9 in Unarmed Combat
 21681 | Orc:2    | Reached skill level 10 in Shapeshifting
 21804 | Orc:2    | Found Nyeta's Antique Armour Emporium.
 22016 | Orc:2    | Found Miemiwaf's Antique Weapon Emporium.
 22052 | Orc:2    | Found Dumydd's Book Emporium.
 22166 | Orc:2    | Found Unkat's General Store.
 22172 | Orc:2    | Bought a potion of curing for 39 gold pieces
 22172 | Orc:2    | Bought a potion of heal wounds for 65 gold pieces
 22172 | Orc:2    | Bought 2 potions of might for 104 gold pieces
 22585 | D:9      | Got the Guide on the Hyperbolic Tektite
 22741 | Lair:2   | Reached skill level 10 in Unarmed Combat
 22887 | Lair:2   | Killed Drazool's ghost
 23423 | Lair:4   | Reached skill level 11 in Unarmed Combat
 23636 | Lair:4   | Reached XP level 15. HP: 99/99 MP: 17/17
 24742 | Lair:5   | Reached skill level 12 in Unarmed Combat
 25509 | Lair:5   | Reached skill level 13 in Unarmed Combat
 25600 | Lair:5   | Found a viscous altar of Jiyva.
 25600 | Lair:5   | Found a staircase to the Slime Pits.
 26617 | Lair:5   | Reached skill level 14 in Unarmed Combat
 26666 | Lair:5   | Found a corrupted altar of Lugonu.
 26666 | Lair:5   | Found a one-way gate to the infinite horrors of the Abyss.
 26680 | Lair:5   | Got Kikeov's Incunable of the Lithosphere and the
                  | Pyromaniac
 27199 | D:13     | Found a white marble altar of Elyvilon.
 27414 | D:13     | Found a gate to the Vaults.
 27960 | D:13     | Identified the ring of Generosity {Fly rElec}
 28167 | D:13     | Identified the ring "Coism" {rC- rCorr Str+4}
 28174 | D:13     | Identified the ring of Muhad {rElec rC- Dex+4 SInv}
 28376 | D:13     | Identified the amulet of Daffodils {Reflect +Inv rC+ Slay+5
                  | SH+5}
 28533 | D:13     | Reached XP level 16. HP: 66/107 MP: 18/18
 28923 | D:13     | Found a runed translucent door.
 28924 | D:13     | Noticed anacleto's ghost (journeyman TrSh)
 28947 | D:13     | Killed anacleto's ghost
 29241 | D:13     | Found a gate to the Vaults.
 29489 | D:13     | Found a white marble altar of Elyvilon.
 29907 | D:14     | Reached skill level 15 in Unarmed Combat
 30452 | D:14     | You are sucked into a shaft and drop 1 floor!
 30452 | D:15     | Entered Level 15 of the Dungeon
 31278 | D:15     | Reached skill level 16 in Unarmed Combat
 31945 | D:15     | Found a staircase to the Depths.
 32135 | D:15     | Found a shimmering blue altar of Sif Muna.
 32431 | Spider:1 | Entered Level 1 of the Spider Nest
 33212 | Spider:1 | Reached skill level 10 in Stealth
 34397 | Spider:2 | Reached XP level 17. HP: 113/113 MP: 20/20
 35503 | Spider:3 | Reached skill level 15 in Fighting
 35764 | Spider:3 | Reached skill level 10 in Evocations
 36648 | Spider:3 | Noticed Roxanne
 36668 | Spider:3 | Killed Roxanne
 36911 | Spider:4 | Entered Level 4 of the Spider Nest
 38329 | Spider:4 | Noticed Arachne
 39412 | Swamp:1  | Entered Level 1 of the Swamp
 39967 | Swamp:1  | Reached XP level 18. HP: 120/120 MP: 21/21
 42110 | Lair:3   | Killed BigPumpCobain's ghost
 42127 | Lair:3   | Identified the +3 plate armour "Coas" {*Corrode rPois Will+
                  | Slay+4}
 43092 | Swamp:4  | Entered Level 4 of the Swamp
 43100 | Swamp:4  | Reached skill level 15 in Shapeshifting
 43819 | Swamp:4  | Found a blossoming altar of Fedhas.
 43832 | Swamp:4  | Found a basalt altar of Yredelemnul.
 43846 | Swamp:4  | Got a decaying rune of Zot
 44233 | Spider:4 | Killed Arachne
 44258 | Spider:4 | Reached XP level 19. HP: 115/115 MP: 22/22
 44367 | Spider:4 | Got a gossamer rune of Zot
 44575 | Spider:4 | Learned a level 2 spell: Lesser Beckoning
 44842 | Elf:1    | Entered Level 1 of the Elven Halls
 44926 | Elf:1    | Noticed Azrael
 44933 | Elf:1    | Killed Azrael
 45018 | Elf:1    | Found Nyvezup's General Store.
 45115 | Elf:1    | Reached skill level 17 in Unarmed Combat
 46108 | Elf:2    | Found a runed translucent gate.
 46109 | Elf:2    | Found a runed translucent gate.
 46109 | Elf:2    | Found a runed translucent gate.
 46122 | Elf:2    | Found a portal to a secret trove of treasure.
 46184 | Elf:2    | Identified a scroll of acquirement
 46186 | Elf:2    | Acquired a manual of Dodging
 46389 | Elf:2    | Noticed Agnes
 46393 | Elf:2    | Killed Agnes
 46396 | Elf:2    | Reached skill level 18 in Unarmed Combat
 46614 | Elf:2    | Reached skill level 15 in Dodging
 46717 | Elf:2    | Reached XP level 20. HP: 132/132 MP: 23/23
 46893 | Elf:2    | You paid a toll of 5 scrolls of fog to enter a treasure
                  | trove
 46894 | Trove    | Entered a treasure trove
 46899 | Trove    | Found the ring of Shadows {Umbra +Inv Stlth+}
 46901 | Trove    | Identified the ring "Eklomayl" {AC+4 Dex+3}
 46905 | Trove    | Identified the ring "Sarius" {rPois EV+5}
 46908 | Trove    | Identified the ring of Noroomu {*Slow rN+ Str+6 Slay+5
                  | SInv}
 46915 | Trove    | Identified the +1 scimitar "Hell-Harrower" {protect, rC+
                  | Will+ Str-4}
 46926 | Trove    | Got the Catalogue of the Dead
 47079 | Elf:3    | Entered Level 3 of the Elven Halls
 47116 | Elf:3    | Found a radiant altar of Vehumet.
 47200 | Elf:3    | Found Ogutt's Assorted Antiques.
 47360 | Elf:3    | Noticed Norris
 47381 | Elf:3    | Killed Norris
 47813 | Elf:3    | Identified the +4 leather armour "Isuem" {Str+4}
 47896 | Elf:3    | Identified the +5 great sword "Hoawn" {freeze, *Corrode Fly
                  | rC++ SInv}
 47896 | Elf:3    | Identified the ring of Rownout {rElec rC+ Will- AC+4}
 48036 | Elf:3    | Identified the staff of Largh {rC+ Will+ Ice}
 48073 | Elf:3    | Identified the +3 sling of Usyeroma {speed, rF+ Str-4 Int+2
                  | SInv}
 48081 | Elf:3    | Got Sif Muna's Book of the Glacier
 48094 | Elf:3    | Identified the +5 short sword of Generosity {venom, rPois
                  | rCorr Str-2 Dex-2}
 48101 | Elf:3    | Got the Almanac of Misfortune and Metal
 48123 | Elf:3    | Got the Information on Fulmination
 48247 | Elf:1    | Bought a wand of digging (3) for 151 gold pieces
 48247 | Elf:1    | Bought a potion of curing for 36 gold pieces
 48247 | Elf:1    | Bought a scroll of fear for 48 gold pieces
 48247 | Elf:1    | Bought a scroll of poison for 48 gold pieces
 48878 | Vaults:1 | Entered Level 1 of the Vaults
 49109 | Vaults:1 | Reached XP level 21. HP: 138/138 MP: 24/24
 50262 | Vaults:2 | Found a staircase to the Crypt.
 50262 | Vaults:2 | Found an ancient bone altar of Kikubaaqudgha.
 50263 | Vaults:2 | Found a basalt altar of Yredelemnul.
 50274 | Vaults:2 | Reached skill level 19 in Unarmed Combat
 50358 | Vaults:2 | Noticed Donald
 50362 | Vaults:2 | Killed Donald
 51356 | Vaults:3 | Found a flickering gateway to a bazaar.
 51387 | Bazaar   | Entered a bazaar
 51387 | Bazaar   | Found Veahuy's Distillery.
 51399 | Bazaar   | Found Parut's Jewellery Emporium.
 51410 | Bazaar   | Found Xinola Kogiu's General Store.
 51418 | Bazaar   | Found Totaaleh's Antique Armour Boutique.
 51444 | Bazaar   | Found Teuskool's Antique Weapon Shop.
 51479 | Bazaar   | Bought a storm talisman for 1440 gold pieces
 51495 | Bazaar   | Bought a potion of resistance for 110 gold pieces
 51495 | Bazaar   | Bought a potion of curing for 33 gold pieces
 51495 | Bazaar   | Bought a potion of haste for 110 gold pieces
 51637 | Vaults:3 | Reached skill level 20 in Unarmed Combat
 51637 | Vaults:3 | Reached XP level 22. HP: 149/149 MP: 25/25
 51657 | Vaults:3 | Noticed Jory
 51662 | Vaults:3 | Killed Jory
 52456 | Vaults:4 | Found a crumbling gateway.
 52531 | Desolati | Entered the Desolation of Salt
 52903 | Desolati | Found the +2 cloak of the Thief {*Fog Slay-2 SInv Stlth+}
 52909 | Desolati | Identified the staff of the Hammering Sybil {rElec rC+ rN+
                  | Necro}
 52910 | Desolati | Identified the +3 scimitar "Woumyek" {pain, rN+ Str+8 Int+4
                  | Dex-5}
 52953 | Desolati | Got Vehumet's Grimoire of Power
 52978 | Desolati | Reached skill level 10 in Shields
 53083 | Desolati | Got the Tractate on the Floating Mob
 53086 | Desolati | Identified the +8 war axe of Xom's Fury {flame, Str+6
                  | Dex+3}
 53256 | Vaults:4 | Reached skill level 5 in Throwing
 53296 | Vaults:4 | Noticed Margery
 53319 | Vaults:4 | Killed Margery
 53332 | Vaults:4 | Reached XP level 23. HP: 156/156 MP: 26/26
 53560 | Vaults:4 | Learned a level 1 spell: Apportation
 53564 | Vaults:4 | Learned a level 3 spell: Passwall
 54067 | Depths:1 | Entered Level 1 of the Depths
 54244 | Depths:1 | Noticed a golden dragon
 54250 | Depths:1 | Killed a golden dragon
 54382 | Depths:1 | Found a gateway to Hell.
 54669 | Depths:1 | Got the Omnibus of Unholy Imprecation
 54751 | Depths:1 | Found a runed translucent gate.
 54752 | Depths:1 | Found a runed translucent gate.
 54752 | Depths:1 | Found an ancient bone altar of Kikubaaqudgha.
 54756 | Depths:1 | Found a runed translucent gate.
 54756 | Depths:1 | Noticed a dread lich
 54757 | Depths:1 | Noticed an ancient lich
 54758 | Depths:1 | Noticed a dread lich
 54758 | Depths:1 | Noticed an ancient lich
 54758 | Depths:1 | Noticed Cofabior's ghost (veteran GnWn)
 54892 | Depths:1 | Found a one-way gate leading to the halls of Pandemonium.
 54937 | Depths:1 | Found an ancient bone altar of Kikubaaqudgha.
 55017 | Depths:1 | Reached skill level 15 in Shields
 55257 | Depths:1 | Noticed a juggernaut
 55265 | Depths:1 | Paralysed by a vampire knight for 4 turns
 55476 | Depths:1 | Killed a juggernaut
 55492 | Depths:1 | Noticed a juggernaut
 55498 | Depths:1 | Killed a juggernaut
 55499 | Depths:1 | Reached XP level 24. HP: 162/162 MP: 26/26
 55506 | Depths:1 | Reached skill level 10 in Throwing
 55538 | Depths:1 | Noticed a caustic shrike
 55542 | Depths:1 | Killed a caustic shrike
 56253 | Slime:1  | Entered Level 1 of the Pits of Slime
 56261 | Slime:1  | Gained mutation: You occasionally shout uncontrollably at
                  | your foes. [a shining eye]
 56263 | Slime:1  | Gained mutation: You are frail. (-10% HP) [a shining eye]
 56415 | Slime:3  | You fall into a shaft and drop 1 floor!
 56429 | Slime:3  | Gained mutation: Your spells are a little easier to cast,
                  | but a little less powerful. [a shining eye]
 56437 | Slime:3  | Gained mutation: Your magical capacity is low. (-10% MP) [a
                  | shining eye]
 56438 | Slime:3  | Gained mutation: You occasionally lose the ability to drink
                  | potions when taking damage. [a shining eye]
 56441 | Slime:3  | Gained mutation: You are very frail. (-20% HP) [a shining
                  | eye]
 56442 | Slime:3  | Gained mutation: You are extremely frail. (-30% HP) [a
                  | shining eye]
 56443 | Slime:3  | Gained mutation: You sometimes lose your temper in combat.
                  | [a shining eye]
 56468 | Slime:3  | Gained mutation: You do not regenerate when monsters are
                  | visible. [a shining eye]
 56470 | Slime:3  | Gained mutation: You frequently scream uncontrollably at
                  | your foes. [a shining eye]
 56473 | Slime:3  | Gained mutation: Your magical capacity is very low. (-20%
                  | MP) [a shining eye]
 56917 | Slime:5  | Entered Level 5 of the Pits of Slime
 57597 | Slime:5  | Noticed the Royal Jelly
 57623 | Slime:5  | Found a viscous altar of Jiyva.
 57647 | Slime:5  | Found the +9 staff of Olgreb {rPois∞}
 57938 | Slime:5  | Killed the Royal Jelly
 58157 | Slime:5  | Identified the staff "Ykkets" {^Fragile rF+ rCorr Dex+2
                  | Conj Fire}
 58160 | Slime:5  | Identified the staff "Zangolodd" {rN+ Int+3 Necro}
 58171 | Slime:5  | Got a slimy rune of Zot
 58192 | Slime:5  | Identified the +8 rapier of Maotaoc {heavy, Will+}
 58200 | Slime:5  | Identified the +7 scale mail of Fortification {rC+ Int+2}
 58231 | Slime:5  | Identified the +5 trident "Haeziggy" {speed, Int+2}
 58296 | Slime:5  | Identified the ring of Xoept {Will+ Str+3}
 58906 | Slime:2  | Reached XP level 25. HP: 113/113 MP: 20/20
 59114 | Slime:1  | Lost mutation: You sometimes lose your temper in combat. [a
                  | shining eye]
 59665 | Elf:3    | Bought a scroll of teleportation for 108 gold pieces
 59665 | Elf:3    | Bought a scroll of teleportation for 108 gold pieces
 59943 | Crypt:1  | Entered Level 1 of the Crypt
 60073 | Crypt:3  | Entered Level 3 of the Crypt
 60094 | Crypt:3  | Reached skill level 21 in Unarmed Combat
 60310 | Crypt:2  | Noticed Sojobo
 60317 | Crypt:2  | Killed Sojobo
 61034 | Crypt:1  | Reached skill level 22 in Unarmed Combat
 61912 | Crypt:3  | Found a basalt altar of Yredelemnul.
 61918 | Crypt:3  | Identified the +5 shortbow of Equivalence {speed, rN+}
 61987 | Crypt:3  | Found a staircase to the Tomb.
 62113 | Crypt:3  | Found an ancient bone altar of Kikubaaqudgha.
 62118 | Crypt:3  | Found the +8 Vampire's Tooth {megavamp}
 62137 | Crypt:3  | Identified the amulet of Qafoanwy {Regen+ Slay+2}
 62137 | Crypt:3  | Identified the ring of Renkodgh {rPois rN+ Str-4 Stlth+}
 62137 | Crypt:3  | Identified the ring "Gudes" {rF+ rC- rN+ Str+2}
 62152 | Crypt:3  | Identified the ring of Domilupy {rPois rF+ Int+2 Stlth+}
 62794 | Vaults:5 | Entered Level 5 of the Vaults
 62809 | Vaults:5 | Reached XP level 26. HP: 118/118 MP: 20/20
 63068 | Vaults:5 | Gained mutation: You are weak. (Str -2) [a neqoxec]
 63226 | Vaults:5 | Identified the +0 great mace of the Scorching Hero {venom,
                  | +Blink Str+3 Dex-3}
 63270 | Vaults:5 | Reached skill level 23 in Unarmed Combat
 63274 | Vaults:5 | Identified the +3 war axe "Daifunom" {spect, Dex+2}
 63301 | Vaults:5 | Identified the ring "Qiol" {rPois rCorr MP+9 Str+3 Int-4}
 63439 | Vaults:5 | Identified the +11 hand axe of Cuiwka {freeze, rC++ rN+++
                  | Int-5}
 63567 | Vaults:5 | Got the Incunable of Voltage and Shifting
 63634 | Vaults:5 | Noticed Mara
 63636 | Vaults:5 | Noticed mdonais's illusion
 63647 | Vaults:5 | Noticed mdonais's illusion
 63649 | Vaults:5 | Killed Mara
 63676 | Vaults:5 | Acquired the +5 kite shield "Dureatodiu" {rC+ rN+}
 63963 | Vaults:5 | Got a silver rune of Zot
 63974 | Vaults:5 | Found Ygruth's Distillery.
 63978 | Vaults:5 | Bought a potion of heal wounds for 110 gold pieces
 63978 | Vaults:5 | Bought a potion of cancellation for 176 gold pieces
 64019 | Vaults:5 | Found Lebeeb's Distillery.
 64049 | Vaults:5 | Bought a potion of haste for 170 gold pieces
 64049 | Vaults:5 | Bought 2 potions of resistance for 340 gold pieces
 64049 | Vaults:5 | Bought a potion of resistance for 170 gold pieces
 64049 | Vaults:5 | Bought 3 potions of mutation for 408 gold pieces
 64056 | Vaults:5 | Found Yvief's Magic Scroll Shoppe.
 64280 | Vaults:5 | Found the crystal ball of Wucad Mu {*channel}
 64390 | Vaults:5 | Got the Opusculum on Glowing Tephra
 64391 | Vaults:5 | Identified the +6 glaive "Ystreshre" {elec, rCorr Dex+4}
 64392 | Vaults:5 | Identified the +3 dagger of the Pure Deaths {flame, *Rage
                  | Str+2 Int+3}
 64403 | Vaults:5 | Identified the ring of Fallacy {Wiz rElec rF+ Int+2 Stlth-}
 64462 | Vaults:5 | Reached skill level 24 in Unarmed Combat
 64463 | Vaults:5 | Acquired the ring of Qyler {Fire ^Drain rPois Str+3 Dex+4}
 64780 | Vaults:5 | Found Lebeeb's Distillery.
 64821 | Vaults:5 | Found Ygruth's Distillery.
 64826 | Vaults:5 | Found Yvief's Magic Scroll Shoppe.
 64897 | Vaults:5 | Bought a potion of curing for 66 gold pieces
 64897 | Vaults:5 | Bought a potion of curing for 66 gold pieces
 64897 | Vaults:5 | Bought a potion of curing for 66 gold pieces
 64897 | Vaults:5 | Bought a potion of curing for 66 gold pieces
 64897 | Vaults:5 | Bought a potion of curing for 66 gold pieces
 64908 | Vaults:5 | Bought 2 potions of curing for 102 gold pieces
 65653 | Vaults:4 | Identified the staff of the Everdark {rElec MP+9 Dex-2
                  | Stlth+ Air}
 65880 | Depths:1 | Killed Cofabior's ghost
 65884 | Depths:1 | Killed a dread lich
 65886 | Depths:1 | Killed a dread lich
 65889 | Depths:1 | Killed an ancient lich
 65891 | Depths:1 | Killed an ancient lich
 65894 | Depths:1 | Identified the ring "Agyex" {Fire rN++ Will+ Dex-4 SInv}
 65972 | Depths:2 | Reached XP level 27. HP: 124/124 MP: 20/20
 66090 | Depths:2 | Found the brooch of Shielding {Spirit SH+8}
 66115 | Depths:2 | Found a one-way gateway to a ziggurat.
 66202 | Depths:2 | Found Kiskoaf's General Store.
 66202 | Depths:2 | Found Leyluni's Antique Weapon Shop.
 66203 | Depths:2 | Noticed Boris
 66208 | Depths:2 | Killed Boris
 66705 | Depths:2 | Found Ilucsuso's Distillery.
 66714 | Depths:2 | Bought a potion of haste for 200 gold pieces
 66714 | Depths:2 | Bought a potion of mutation for 160 gold pieces
 66714 | Depths:2 | Bought a potion of mutation for 160 gold pieces
 66714 | Depths:2 | Lost mutation: You occasionally lose the ability to drink
                  | potions when taking damage. [potion of mutation]
 66714 | Depths:2 | Lost mutation: You are extremely frail. (-30% HP) [potion
                  | of mutation]
 66714 | Depths:2 | Lost mutation: You are very frail. (-20% HP) [potion of
                  | mutation]
 66714 | Depths:2 | Gained mutation: You possess an exceptional clarity of
                  | mind. [potion of mutation]
 66714 | Depths:2 | Gained mutation: You are partially covered in iridescent
                  | scales. (AC +2) [potion of mutation]
 67103 | Depths:2 | Bought a potion of haste for 150 gold pieces
 67183 | Depths:3 | Noticed Xtahua
 67200 | Depths:3 | Killed Xtahua
 67394 | Depths:3 | Noticed Mennas
 67419 | Depths:3 | Killed Mennas
 67467 | Depths:3 | Found Iqoiteat's General Store.
 67470 | Depths:3 | Bought a scroll of blinking for 90 gold pieces
 67470 | Depths:3 | Bought a potion of mutation for 96 gold pieces
 67630 | Depths:3 | Reached skill level 5 in Invocations
 67700 | Depths:3 | Identified the +1 dagger "Moqoese" {elec, *Noise Will+
                  | rCorr Int+3}
 67725 | Depths:3 | Found a glowing silver altar of Zin.
 67851 | Depths:4 | Entered Level 4 of the Depths
 67857 | Depths:4 | Found a gate to the Realm of Zot.
 67905 | Depths:4 | Found a flickering gateway to a bazaar.
 67918 | Bazaar   | Entered a bazaar
 67918 | Bazaar   | Found Velodos's Antique Weapon Emporium.
 67927 | Bazaar   | Found Ziefeoho's Assorted Antiques.
 67931 | Bazaar   | Found Quppios's Magic Scroll Shop.
 67940 | Bazaar   | Bought a scroll of blinking for 82 gold pieces
 67940 | Bazaar   | Bought a scroll of blinking for 82 gold pieces
 67964 | Bazaar   | Found Hakyz's Armour Shop.
 67968 | Bazaar   | Found Bejiat's General Store.
 67977 | Bazaar   | Bought a potion of invisibility for 88 gold pieces
 68005 | Bazaar   | Bought a potion of curing for 96 gold pieces
 68005 | Bazaar   | Bought a potion of heal wounds for 160 gold pieces
 68005 | Bazaar   | Bought a potion of haste for 320 gold pieces
 68005 | Bazaar   | Bought a scroll of teleportation for 96 gold pieces
 68012 | Bazaar   | Bought 3 scrolls of teleportation for 99 gold pieces
 68542 | Depths:4 | Reached skill level 25 in Unarmed Combat
 68786 | Depths:4 | Found a radiant altar of Vehumet.
 69002 | Depths:3 | Bought a potion of ambrosia for 96 gold pieces
 69041 | Zot:1    | Entered Level 1 of the Realm of Zot
 69260 | Zot:1    | Reached skill level 15 in Evocations
 69468 | Zot:1    | Found a transporter.
 69540 | Zot:1    | Found a transporter.
 69544 | Zot:1    | Identified the ring "Vacugat" {rElec rPois rCorr Str-2
                  | Dex+6}
 71478 | Zot:3    | Noticed an orb of fire
 71485 | Zot:3    | Killed an orb of fire
 72846 | Zot:4    | Identified the +9 quarterstaff "Siuh" {drain, rN+ Will-
                  | rCorr Int+2}
 72973 | Zot:5    | Entered Level 5 of the Realm of Zot
 73305 | Zot:5    | Found a transporter.
 73615 | Zot:5    | Noticed a dread lich
 73623 | Zot:5    | Killed a dread lich
 73638 | Zot:5    | Noticed an orb of fire
 73647 | Zot:5    | Gained mutation: Your magical capacity is extremely low.
                  | (-30% MP) [an orb of fire]
 73648 | Zot:5    | Killed an orb of fire
 73761 | Zot:5    | Noticed an ancient lich
 73774 | Zot:5    | Killed an ancient lich
 73774 | Zot:5    | Noticed an orb of fire
 73780 | Zot:5    | Killed an orb of fire
 73789 | Zot:5    | Noticed an ancient lich
 73791 | Zot:5    | Killed an ancient lich
 74171 | Zot:5    | Lost mutation: You frequently scream uncontrollably at your
                  | foes. [potion of mutation]
 74171 | Zot:5    | Lost mutation: Your magical capacity is extremely low.
                  | (-30% MP) [potion of mutation]
 74171 | Zot:5    | Lost mutation: Your spells are a little easier to cast, but
                  | a little less powerful. [potion of mutation]
 74172 | Zot:5    | Lost mutation: You are partially covered in iridescent
                  | scales. (AC +2) [potion of mutation]
 74172 | Zot:5    | Lost mutation: Your magical capacity is very low. (-20% MP)
                  | [potion of mutation]
 74172 | Zot:5    | Lost mutation: You possess an exceptional clarity of mind.
                  | [potion of mutation]
 74172 | Zot:5    | Gained mutation: Your mind is acute. (Int +4, Str/Dex -1)
                  | [potion of mutation]
 74172 | Zot:5    | Gained mutation: You passively dampen the noise of your
                  | surroundings. [potion of mutation]
 74173 | Zot:5    | Lost mutation: You are weak. (Str -2) [potion of mutation]
 74173 | Zot:5    | Lost mutation: You do not regenerate when monsters are
                  | visible. [potion of mutation]
 74173 | Zot:5    | Lost mutation: You occasionally shout uncontrollably at
                  | your foes. [potion of mutation]
 74173 | Zot:5    | Gained mutation: You occasionally lose the ability to drink
                  | potions when taking damage. [potion of mutation]
 74174 | Zot:5    | Lost mutation: Your mind is acute. (Int +4, Str/Dex -1)
                  | [potion of mutation]
 74174 | Zot:5    | Lost mutation: You occasionally lose the ability to drink
                  | potions when taking damage. [potion of mutation]
 74174 | Zot:5    | Lost mutation: You are frail. (-10% HP) [potion of
                  | mutation]
 74371 | Zig:1    | Entered Level 1 of a ziggurat
 74388 | Zig:2    | Entered Level 2 of a ziggurat
 74389 | Zig:2    | Noticed Ahachotoa the pandemonium lord
 74394 | Zig:2    | Killed Ahachotoa the pandemonium lord
 74402 | Zig:3    | Entered Level 3 of a ziggurat
 74405 | Zig:3    | Found the necklace of Bloodlust {Fury *Rage Will++ Int-3
                  | Slay+6}
 74418 | Zig:3    | Identified the +4 great mace of Onalen {flame, Will+}
 74429 | Zig:4    | Entered Level 4 of a ziggurat
 74432 | Zig:4    | Noticed Ufeiweg the pandemonium lord
 74441 | Zig:4    | Killed Ufeiweg the pandemonium lord
 74449 | Zig:4    | Identified the +3 hand axe of Eternal Night {flame, rElec
                  | Will++ Dex+3}
 74455 | Zig:4    | Identified the +0 plate armour of Hangman {rPois Will+
                  | Slay-5 SInv}
 74462 | Zig:5    | Entered Level 5 of a ziggurat
 74469 | Zig:5    | Found the ring of the Octopus King
 74470 | Zig:5    | Found the +15 Maxwell's patent armour {-Cast -Tele rElec
                  | Will+ rCorr}
 74483 | Zig:5    | Identified a ring of the Octopus King {HP+2 AC+2 EV+2 SH+2
                  | SInv}
 74527 | Zig:6    | Entered Level 6 of a ziggurat
 74545 | Zig:6    | Identified the +9 lajatang "Sarcophage" {drain, Int+4}
 74548 | Zig:6    | Got Puodyur's Opusculum on Charming Generation
 74559 | Zig:6    | Identified the +1 rapier "Mioph" {freeze, rF- rC+ rN++
                  | SInv}
 74571 | Zig:6    | Acquired the +5 kite shield of Knowledge {rPois rN+ Regen+
                  | Str+3}
 74584 | Zig:7    | Entered Level 7 of a ziggurat
 74591 | Zig:7    | Found the +8 lance "Wyrmbane" {slay drac, rPois rF+ rC+
                  | AC+3}
 74592 | Zig:7    | Noticed Seuvop the pandemonium lord
 74598 | Zig:7    | Killed Seuvop the pandemonium lord
 74625 | Zig:8    | Entered Level 8 of a ziggurat
 74670 | Zig:8    | Identified the ring "Ingelu Uso" {rC+ rN+++ Will- Dex+9
                  | Slay-6}
 74673 | Zig:8    | Identified the +4 shortbow of Agaaz {flame, *Corrode rElec
                  | rN+++ SInv}
 74677 | Zig:8    | Identified the ring "Pifa Nou" {Wiz rF+ rC- Int+3}
 74712 | Zig:9    | Entered Level 9 of a ziggurat
 74729 | Zig:9    | Noticed a juggernaut
 74730 | Zig:9    | Noticed a juggernaut
 74734 | Zig:9    | Killed a juggernaut
 74742 | Zig:9    | Killed a juggernaut
 74743 | Zig:9    | Reached skill level 15 in Stealth
 74755 | Zig:9    | Identified the +10 morningstar "Vena" {spect, Str+5}
 74776 | Zig:9    | Identified the ring "Ziofomp" {^Contam rF+ rC+ SInv}
 74803 | Zig:10   | Entered Level 10 of a ziggurat
 74851 | Zig:10   | Identified the staff "Zediler" {rElec rF- rC+ MP+9 Ice}
 74890 | Zig:11   | Entered Level 11 of a ziggurat
 74960 | Zig:11   | Identified the ring "Gimnu" {rC++ rN+ rCorr Int-2}
 74992 | Zig:12   | Entered Level 12 of a ziggurat
 75015 | Zig:12   | Reached skill level 26 in Unarmed Combat
 75115 | Zig:12   | Identified the staff "Xyevoi" {*Slow rElec rPois rN+
                  | Alchemy}
 75120 | Zig:12   | Identified the ring of Wishful Thinking {^Contam Fly AC+4
                  | Int+3}
 75124 | Zig:12   | Identified the staff of Mucviocy {rPois rF+ rC+ Dex-2 Fire}
 75165 | Zig:13   | Entered Level 13 of a ziggurat
 75181 | Zig:13   | Noticed a royal mummy
 75182 | Zig:13   | Noticed a royal mummy
 75183 | Zig:13   | Noticed a royal mummy
 75183 | Zig:13   | Noticed a royal mummy
 75187 | Zig:13   | Noticed a royal mummy
 75196 | Zig:13   | Killed a royal mummy
 75210 | Zig:13   | Killed a royal mummy
 75214 | Zig:13   | Killed a royal mummy
 75219 | Zig:13   | Killed a royal mummy
 75228 | Zig:13   | Killed a royal mummy
 75332 | Zig:13   | Found the +8 longbow "Zephyr" {speed, Dex+3 SInv}
 75337 | Zig:13   | Identified the +0 dagger of Moral Flaws {flame, rC+ Str+3}
 75351 | Zig:13   | Identified the +6 mace of the Grinning Gods {venom, Stlth+}
 75361 | Zig:13   | Acquired 755 gold pieces
 75366 | Zig:13   | Identified the +2 pair of boots "Zoim" {rC+}
 75369 | Zig:14   | Entered Level 14 of a ziggurat
 75378 | Zig:14   | Noticed a dread lich
 75378 | Zig:14   | Noticed a dread lich
 75382 | Zig:14   | Noticed a dread lich
 75384 | Zig:14   | Killed a dread lich
 75386 | Zig:14   | Killed a dread lich
 75389 | Zig:14   | Killed a dread lich
 75390 | Zig:14   | Noticed an ancient lich
 75391 | Zig:14   | Killed an ancient lich
 75394 | Zig:14   | Noticed an ancient lich
 75395 | Zig:14   | Noticed an ancient lich
 75398 | Zig:14   | Killed an ancient lich
 75400 | Zig:14   | Killed an ancient lich
 75402 | Zig:14   | Noticed a dread lich
 75406 | Zig:14   | Killed a dread lich
 75431 | Zig:14   | Identified the ring of Jueroi {rC+ Will- Int+7}
 75436 | Zig:14   | Identified the +5 mace of Omogug {speed, ^Contam rC+ Str+4
                  | Dex+7}
 75509 | Zig:15   | Entered Level 15 of a ziggurat
 75614 | Zig:15   | Identified the amulet of Maabiof {Reflect Int+3 SH+5}
 75622 | Zig:15   | Identified the ring of Trepidation {rF+ rN+ rCorr Str-5
                  | SInv}
 75630 | Zig:15   | Identified the +1 halberd of Uskayaw, Thieving {spect, rF+
                  | Str+4}
 75663 | Zig:16   | Entered Level 16 of a ziggurat
 75689 | Zig:16   | Noticed a dread lich
 75699 | Zig:16   | Noticed an ancient lich
 75702 | Zig:16   | Killed a dread lich
 75708 | Zig:16   | Killed an ancient lich
 75710 | Zig:16   | Noticed an ancient lich
 75720 | Zig:16   | Killed an ancient lich
 75750 | Zig:16   | Noticed an ancient lich
 75760 | Zig:16   | Killed an ancient lich
 75761 | Zig:16   | Noticed an ancient lich
 75768 | Zig:16   | Killed an ancient lich
 75788 | Zig:16   | Identified the +1 hand axe of Ambiguity {freeze, Dex+3}
 75795 | Zig:16   | Identified the +0 short sword of Pesien {freeze, Stlth+}
 75799 | Zig:16   | Identified the +0 quarterstaff "Hamn" {flame, Dex+2}
 75852 | Zig:17   | Entered Level 17 of a ziggurat
 75860 | Zig:17   | Noticed Ohezxac the pandemonium lord
 75872 | Zig:17   | Killed Ohezxac the pandemonium lord
 76810 | Zot:5    | Got the Orb of Zot
 77231 | D:5      | Noticed Ijuusune the pandemonium lord
 77375 | D:$      | Escaped with the Orb!

Illustrated notes

Levels and vault maps discovered:
D:1:      lemuel_arrival_rhombus, layout_loops_corners, due_unseen_surprise
D:2:      cheibrodos_old_hovel, layout_basic, nicolae_elevator_lobby_asterisk
D:3:      layout_rooms, hellmonk_ecumenical_altar_pennies_from_heaven, uniq_ijyb
D:4:      layout_rooms, serial_shops, shop
D:5:      layout_cave_pods, nzn_wu_jian_council_hall, serial_shops,
          nicolae_shop_stone, minmay_misc_feat_ornament, minmay_ogre_servants,
          uniq_edmund
D:6:      layout_basic, gammafunk_temple_overflow_elements,
          nicolae_overflow_hidden_temple, minmay_temple_entry_purple_smoke
D:7:      layout_cave_pods
D:8:      layout_basic, old_standard_altar, slow_altar_2,
          overflow_temple_1_default, serial_shops,
          nicolae_shop_getting_attention
D:9:      layout_basic, due_lair_maze_entry_diamond, minivault_13
D:10:     layout_cave_pools, lemuel_tele_altar, serial_shops,
          nicolae_shop_industrial_runoff, grunt_ministairs_9,
          eino_small_chamber_without_monster, minmay_increasing_density
D:11:     layout_roguey, nicolae_houndstooth_variations
D:12:     layout_loops_cross, david_orc_2, uniq_psyche, uniq_nergalle
D:13:     minmay_the_grid_triangle_9x9_rhombus_thin
          [minmay_the_grid_triangle_9x9_cache,
          minmay_the_grid_triangle_9x9_prize_special,
          minmay_the_grid_triangle_9x9_corrupted_corridor,
          minmay_the_grid_triangle_9x9_zippers_horizontal], layout_basic,
          erik_vaults_2, ebering_ghost_inner_flame,
          nicolae_elyvilon_peaceful_grove
D:14:     layout_cave_pods, hangedman_decor_push, minmay_librarian
D:15:     hangedman_depths_entry_civil_slaughter, layout_gridville, led_sif_pool
Temple:   hc_temple_tempest_star
Lair:1:   layout_cellular_growth, grunt_forest_small_clearings
Lair:2:   layout_loops_ring, dummy_spider_entry, ebering_ghost_funeral_grove,
          st_stairs_4, grunt_megastairs_2, infiniplex_staircase_pool_2
Lair:3:   layout_roguey, skrybe_swamp_entry_bodies, gammafunk_ghost_split,
          nicolae_volcano_entry_hallway, tgw_fedhas, uniq_josephine
Lair:4:   layout_long_grid, roderic_carrion_pond
Lair:5:   hellmonk_lair_end_abyssal_woods, layout_misc_corridors,
          dpeg_slime_entry_enclosed
Swamp:1:  nicolae_swamp_wrong_neighborhood, layout_falls_marsh,
          nicolae_swamp_little_tower
Swamp:2:  layout_falls_marsh, nicolae_swamp_oxbows
Swamp:3:  layout_basic_swamp, hangedman_swamp_lotus
Swamp:4:  byrel_swamp_growth_death_and_undeath, layout_basic_swamp
Spider:1: layout_spider_delve
Spider:2: layout_spider_delve
Spider:3: layout_spider_delve, special_room [special_room_bee],
          hangedman_spider_tarantella_strand, uniq_roxanne
Spider:4: johnstein_spider_rune_arachne_lair, special_room, uniq_arachne
Slime:1:  layout_caves, nicolae_slime_barrier
Slime:2:  layout_caves, cheibrodos_slime_lost_civilization_4
Slime:3:  layout_caves
Slime:4:  layout_caves
Slime:5:  slime_pit_nicolae_block_by_block
Orc:1:    cheibrodos_orc_bank, layout_caves, blackcustard_mines_bat_river,
          uniq_snorg
Orc:2:    grunt_orc_cross, layout_caves, basic_altar
Elf:1:    eino_elf_arrival_customs, layout_geoelf_diagonals, serial_shops,
          nicolae_shop_waterfront, nicolae_elf_blasts_and_bolts, uniq_azrael,
          uniq_frances
Elf:2:    nicolae_elf_blades_crystal_corner, layout_loops_cross,
          nicolae_trove_entry_free_sample, uniq_agnes
Elf:3:    minmay_elf_hall_circle, layout_geoelf_grid, basic_altar, serial_shops,
          shop, uniq_norris
Vaults:1: nicolae_vaults_trapezoid_lopsided_1, nicolae_vaults_tangram_2,
          nicolae_vaults_alarming, v_misc_28, vaults_mumra_minichess_inversion,
          nicolae_vaults_asterisk, layout_vaults_quadrants
Vaults:2: hangedman_vaults_unwind, minmay_crypt_entry_necro_gods,
          nicolae_vaults_variable_pillar_hall, v_misc_12,
          nicolae_vaults_windows_and_doors_thing, st_diamondy,
          nicolae_vaults_layer_cake_slice, hangedman_vaults_nodes, v_misc_2,
          vaults_mumra_hexcomb, vaults_room_fancy_cross, layout_vaults_omnibox,
          uniq_donald
Vaults:3: nicolae_vaults_stepped_doors, nicolae_vaults_tetromino_T_1,
          vaults_room_door_hall, grunt_vaults_trifunnel,
          nicolae_vaults_ninety_degrees, vaults_room_large_hall,
          nicolae_vaults_little_squares_4, nicolae_vaults_sesquioval_fish,
          ontoclasm_vaults_chip, nicolae_vaults_tetromino_L_1,
          vaults_room_hangedman_quadrants, nicolae_vaults_tetromino_T_2,
          ontoclasm_vaults_twist, grunt_vaults_focal, v_alt_pattern_3,
          layout_vaults_maze, serial_shops, bzr_entry_customers, uniq_jory
Vaults:4: portal_desolation_entry_ruin, v_pattern_5,
          nicolae_vaults_storage_closets_2, vaults_dpeg_diagonal,
          nicolae_vaults_more_shelving_1, nicolae_vaults_six-pack,
          nicolae_vaults_sesquioval_fish, nicolae_vaults_heist,
          vaults_dpeg_hooks, nicolae_vaults_double_plus_1,
          layout_vaults_big_room, uniq_margery
Vaults:5: uniq_mara
Crypt:1:  layout_chaotic_city, nicolae_crypt_more_like_crabt
Crypt:2:  layout_misc_corridors, uniq_josephina, uniq_sojobo
Crypt:3:  lightli_unholy_cathedral, layout_chaotic_city,
          nicolae_tomb_entry_unfolded_pyramid_orthogonal,
          beargit_elvish_explorers
Depths:1: minmay_octagon_city, layout_cave_shapes, gammafunk_ghost_crypt,
          hell_entry, minmay_misc_feat_room, rand_demon_pan_entry_4,
          lemuel_zombie_altar_kikubaaqudgha
Depths:2: evilmike_marble_ring, layout_gridville, enter_ziggurat_b, hell_entry,
          serial_shops, shop, serial_rivers, chequers_serial_rivers_small_a,
          chequers_serial_rivers_small_a, chequers_serial_rivers_micro_a,
          chequers_serial_rivers_large_a, chequers_serial_rivers_room_a,
          abyss_entry, minmay_staircase_bubble, rand_demon_pan_entry_8,
          minmay_shoptagon, uniq_boris
Depths:3: mu_elephants_graveyard, layout_cave_shapes, zin_angel, serial_shops,
          nicolae_shop_tiny_real_fake_doors, hangedman_abyss_entry_splay,
          hell_entry, infiniplex_staircase_zigzag_5, uniq_mennas, uniq_xtahua
Depths:4: grunt_crosshair, layout_twisted_cross, lightli_too_deep, serial_shops,
          bzr_entry_lakeside, nicolae_vehumet_altar_sigil
Zot:1:    gammafunk_the_bubble [the_bubble_gammafunk_grid], layout_gridville
Zot:2:    layout_twisted_circle
Zot:3:    layout_gridlike
Zot:4:    layout_basic
Zot:5:    layout_cathedral_of_symmetry, st_stairs_5, nicolae_diode_basic

Skill      XL: |  1  2  3  4  5  6  7  8  9 10 11 12 13 14 15 16 17 18 19 20 21 22 23 24 25 26 27 |
---------------+----------------------------------------------------------------------------------+-----
Fighting       | 3 4 5 6 7 8 10 11 12 13 14 15 16 18 19 20 22 25 | 25.2
Throwing       | 3 4 6 9 10 | 10.0
Short Blades   | 3 4 5 |  5.2
Evocations     | 1 2 3 5 6 7 8 11 13 14 15 | 15.0
Stealth        | 6 7 8 9 10 12 20 | 20.0
Long Blades    | 3 4 |  4.2
Dodging        | 5 7 8 9 10 11 12 13 15 18 19 20 23 | 23.5
Shields        | 4 5 6 10 15 16 17 | 17.0
Shapeshifting  | 3 7 8 10 12 16 17 18 23 | 23.0
Invocations    | 3 4 5 |  5.0
Unarmed Combat | 4 11 14 16 18 20 22 24 26 | 26.9

Action                     |  1- 3 |  4- 6 |  7- 9 | 10-12 | 13-15 | 16-18 | 19-21 | 22-24 | 25-27 || total
---------------------------+-------+-------+-------+-------+-------+-------+-------+-------+-------++-------
  Melee: Dagger            |    67 |   142 |    40 |       |   116 |       |       |       |       ||   365
         Constrict         |    14 |    32 |    52 |    49 |   181 |   220 |   109 |   106 |   263 ||  1026
         Tentacles         |     8 |    24 |    53 |    77 |   110 |    54 |   170 |   245 |   464 ||  1205
         Punch             |       |     2 |     4 |     5 |    18 |    26 |   100 |   143 |   356 ||   654
         Scimitar          |       |       |   105 |       |     5 |       |       |       |       ||   110
         Long sword        |       |       |     3 |       |       |       |       |       |       ||     3
         Short sword       |       |       |    37 |   270 |   233 |       |       |       |       ||   540
         Unarmed           |       |       |       |       |   522 |   911 |   589 |   765 |  1524 ||  4311
   Fire: Sling             |       |     2 |     8 |       |       |       |       |       |       ||    10
         Orcbow            |       |       |       |     4 |       |       |       |       |       ||     4
  Throw: Dart              |     7 |    14 |    15 |    31 |     5 |     1 |     5 |     1 |     1 ||    80
         Boomerang         |       |       |    30 |     6 |       |       |       |       |       ||    36
         Javelin           |       |       |       |     4 |    13 |       |       |       |       ||    17
 Invoke: Ancestor Life: He |       |       |     1 |       |       |       |       |       |       ||     1
         Ancestor Identity |       |       |     1 |       |       |       |       |       |       ||     1
         Recall Ancestor   |       |       |       |     5 |    15 |     8 |     4 |     4 |     3 ||    39
         Transference      |       |       |       |       |     1 |       |       |       |       ||     1
Ability: Evoke Invisibilit |       |       |       |       |       |     3 |     1 |     1 |     2 ||     7
  Evoke: Wand              |       |       |     1 |       |    15 |     9 |     2 |       |     6 ||    33
         Sack of spiders   |       |       |       |     1 |     2 |       |       |       |     1 ||     4
         Condenser vane    |       |       |       |       |     1 |       |     1 |     1 |     3 ||     6
         Phial of floods   |       |       |       |       |     1 |       |     1 |       |       ||     2
    Use: Scroll            |       |     9 |     4 |     2 |    13 |     7 |     5 |     9 |    12 ||    61
         Potion            |       |     3 |     1 |       |     2 |     4 |       |     6 |    28 ||    44
   Stab: Sleeping          |    13 |    13 |     9 |    11 |    16 |    12 |     8 |     9 |     9 ||   100
         Distracted        |       |       |     1 |     5 |    31 |    21 |    12 |    15 |    46 ||   131
         Confused          |       |       |       |    13 |    27 |    21 |    42 |    73 |   109 ||   285
         Paralysed         |       |       |       |       |    27 |    67 |    35 |    40 |    88 ||   257
         Invisible         |       |       |       |       |       |     4 |     5 |     1 |    28 ||    38
 Armour: Skin              |    31 |    67 |    72 |    78 |   318 |   517 |   215 |   231 |   376 ||  1905
  Dodge: Dodged            |    37 |    79 |   106 |   136 |   481 |   731 |   613 |   770 |  1019 ||  3972
  Block: Buckler           |       |       |       |    33 |    77 |   126 |   375 |   230 |       ||   841
         Other             |       |       |       |       |     6 |   103 |       |       |     1 ||   110
         Reflection        |       |       |       |       |     1 |     8 |    57 |    26 |    56 ||   148
         Kite shield       |       |       |       |       |       |       |       |   489 |  1697 ||  2186
   Form: Beast             |       |       |       |     1 |       |       |       |       |       ||     1
         Serpent           |       |       |       |       |     1 |       |       |       |       ||     1
         Statue            |       |       |       |       |       |     1 |       |       |       ||     1
         Storm             |       |       |       |       |       |       |       |       |     1 ||     1

Table legend: (Time is in decaauts)
 A = Elapsed time spent in this place.
 B = Non-inter-level travel time spent in this place.
 C = Inter-level travel time spent in this place.
 D = Time resting spent in this place.
 E = Time spent auto-exploring this place.
 F = Levels seen in this place.
 G = Mean time per level.
                   A        B        C        D        E       F      G
               +--------+--------+--------+--------+--------+-----+--------+
         Total |  93409 |  80395 |  13014 |  12311 |  42452 |  78 | 1197.6 |
       Dungeon |  23049 |  18478 |   4571 |   3825 |   9362 |  15 | 1536.6 |
        Temple |     14 |      1 |     13 |      0 |      0 |   1 |   14.0 |
          Lair |   9940 |   8020 |   1920 |   1576 |   4109 |   5 | 1988.0 |
         Swamp |   4672 |   4412 |    260 |    931 |   1955 |   4 | 1168.0 |
   Spider Nest |   7725 |   7130 |    595 |   1694 |   3232 |   4 | 1931.2 |
    Slime Pits |   4610 |   4332 |    278 |    767 |   1803 |   5 |  922.0 |
  Orcish Mines |   2936 |   2585 |    351 |    311 |   1321 |   2 | 1468.0 |
   Elven Halls |   5289 |   4612 |    677 |    808 |   2179 |   3 | 1763.0 |
        Vaults |  10686 |   9305 |   1381 |    171 |   6882 |   5 | 2137.2 |
         Crypt |   4006 |   3643 |    363 |    357 |   1986 |   3 | 1335.3 |
        Depths |   7792 |   6857 |    935 |    925 |   3899 |   4 | 1948.0 |
           Zot |   8460 |   6795 |   1665 |    468 |   4626 |   5 | 1692.0 |
      Ziggurat |   2397 |   2397 |      0 |    213 |    546 |  17 |  141.0 |
        Bazaar |    387 |    387 |      0 |      0 |    177 |   2 |  193.5 |
         Trove |     73 |     73 |      0 |      0 |      0 |   1 |   73.0 |
       Volcano |    443 |    443 |      0 |    227 |      0 |   1 |  443.0 |
    Desolation |    925 |    925 |      0 |     36 |    373 |   1 |  925.0 |
               +--------+--------+--------+--------+--------+-----+--------+

Top non-repeatable levels by time:
Depths:1: 3197 daAuts
Vaults:5: 3180 daAuts
    D:13: 2850 daAuts
Spider:4: 2710 daAuts
 Slime:5: 2572 daAuts
  Lair:3: 2523 daAuts
     D:9: 2229 daAuts
Vaults:4: 2224 daAuts
    D:12: 2214 daAuts
   Elf:2: 2206 daAuts
  Lair:4: 2194 daAuts
Spider:3: 2137 daAuts
Vaults:1: 2096 daAuts
   Zot:5: 1979 daAuts
   Zot:1: 1898 daAuts
